 Dungeon Crawl Stone Soup version 0.27.1-1-g398f81649c (webtiles) character file.

Game seed: 14986681998595578358

432 Borgoz the Covered (level 7, -1/44 HPs)
             Began as a Gargoyle Fighter on Sept 16, 2021.
             Killed from afar by a steam dragon (17 damage)
             ... with a ball of steam
             ... on level 4 of the Dungeon.
             The game lasted 00:03:42 (3276 turns).

Borgoz the Covered (Gargoyle Fighter)               Turns: 3276, Time: 00:03:43

Health: -1/44      AC: 14    Str: 20    XL:     7   Next: 0%
Magic:  7/7        EV: 11    Int:  8    God:
Gold:   163        SH:  9    Dex: 11    Spells: 6/6 levels left

rFire    . . .     SeeInvis .   q - +0 mace (protect)
rCold    . . .     Faith    .   c - +0 kite shield
rNeg     + . .     Spirit   .   b - +0 scale mail
rPois    ∞         Reflect  .   (no helmet)
rElec    +         Harm     .   (no cloak)
rCorr    .         Rampage  .   (no gloves)
Will     .....                  f - +1 pair of boots
Stlth    ..........             (no amulet)
HPRegen  0.14/turn              p - +4 ring of evasion
MPRegen  0.10/turn              (no ring)

@: no status effects
A: sickness immunity, AC +4, negative energy resistance 1, electricity
resistance, torment resistance 1, petrification resistance
a: no special abilities


You were on level 4 of the Dungeon.
You visited 1 branch of the dungeon, and saw 4 of its levels.

You collected 163 gold pieces.

Inventory:

Hand Weapons
 q - a +0 mace of protection (weapon)
Armour
 b - a +0 scale mail (worn)
 c - a +0 kite shield (worn)
 f - a +1 pair of boots (worn)
Jewellery
 p - a +4 ring of evasion (left hand)
Scrolls
 a - a scroll of blinking {unknown}
 e - 2 scrolls of teleportation {unknown}
 g - a scroll of fog {unknown}
 i - a scroll of noise {unknown}
 l - a scroll of amnesia {unknown}
Potions
 h - 2 potions of curing {unknown}
 j - a potion of attraction {unknown}
 k - 2 potions of ambrosia {unknown}
 m - a potion of degeneration {unknown}
 n - a potion of lignification {unknown}


   Skills:
 * Level 5.2 Fighting
 * Level 4.0 Maces & Flails
 * Level 5.3 Armour
 + Level 4.3 Shields


You had 6 spell levels left.
You didn't know any spells.
Your spell library contained the following spells:

 Spells                   Type           Power      Damage    Failure   Level
 Beastly Appendage        Tmut           0%         N/A       99%         1
 Wereblood                Tmut           0%         N/A       100%        2
 Spider Form              Tmut/Pois      0%         N/A       100%        3


Dungeon Overview and Level Annotations

Branches:
Dungeon (4/15)
 Temple: D:4-7

Altars:


Innate Abilities, Weirdness & Mutations

You are immune to sickness and miasma.
Your stone body is resilient. (AC +4)
You are immune to poison.
You resist negative energy. (rN+)
You are resistant to electric shocks. (rElec)
You are resistant to unholy torment.
You are immune to petrification.


Message History

You block the steam dragon's attack. The steam dragon closely misses you.
You block the steam dragon's attack.
You hit the steam dragon but do no damage.
The steam dragon is moderately wounded.
The steam dragon bites you but does no damage.
You block the steam dragon's attack.
It was a potion of heal wounds.
You feel much better. The steam dragon barely misses you.
The steam dragon claws you but does no damage.
You hit the steam dragon.
The steam dragon is heavily wounded.
The steam dragon barely misses you.
The steam dragon claws you but does no damage.
The steam dragon breathes steam at you. The ball of steam hits you.
You hit the steam dragon.
The steam dragon is heavily wounded.
You are engulfed in a cloud of scalding steam.
* * * LOW HITPOINT WARNING * * *
The steam dragon closely misses you. You block the steam dragon's attack.
The steam dragon bites you.
* * * LOW HITPOINT WARNING * * *
You block the steam dragon's attack.
You feel much better.
The steam dragon bites you but does no damage.
The steam dragon closely misses you.
You barely miss the steam dragon.
The steam dragon is heavily wounded.
The steam dragon barely misses you.
The steam dragon claws you but does no damage.
You barely miss the steam dragon.
The steam dragon is heavily wounded.
You block the steam dragon's attack. The steam dragon closely misses you.
The steam dragon breathes steam at you. The ball of steam hits you!
The steam dragon breathes steam at you. The ball of steam hits you!
The steam dragon breathes steam at you. The ball of steam hits you!
You die...

#...........## ##..##
#......).....###..##
#...#............## #
#....§....÷§.##
........§)...§§.##
#........§)...§...#
#.........[§..§...#
#.............§...######.
.............§§@.........
.##......##.#D##.###.###
######.##.#o##.###.### #.
#....B........ #.
#.#.#.##.###.#
#....#........
#.##.#.#.#.##.# #
#...#........
#.#......#.#..


You could see a steam dragon (catching breath) and an orc.

Vanquished Creatures
  2 black bears (D:4)
  A centaur (D:4)
  Blork the orc (D:4)
  A centaur skeleton (D:3)
  A hound skeleton (D:4)
  2 adders (D:3)
  4 dart slugs
  6 orcs
  3 ball pythons
  7 bats
  7 endoplasms
  4 giant cockroaches
  4 goblins
  11 hobgoblins
  4 jackals
  3 kobolds (D:1)
  3 quokkas
  4 frilled lizards
  A rat (D:1)
69 creatures vanquished.

Vanquished Creatures (others)
  An adder (D:4)
  A ball python (D:4)
2 creatures vanquished.

Grand Total: 71 creatures vanquished

Notes
Turn   | Place    | Note
-------+----------+-------------------------------------------
     0 | D:1      | Borgoz the Gargoyle Fighter began the quest for the Orb.
     0 | D:1      | Reached XP level 1. HP: 14/14 MP: 1/1
   103 | D:1      | Reached XP level 2. HP: 19/19 MP: 2/2
   645 | D:1      | Reached XP level 3. HP: 20/24 MP: 3/3
  1873 | D:3      | Reached XP level 4. HP: 24/29 MP: 4/4
  2386 | D:3      | Found a faded altar of an unknown god.
  2841 | D:4      | Reached XP level 5. HP: 33/33 MP: 5/5
  2856 | D:4      | Noticed a centaur
  2868 | D:4      | Killed a centaur
  3046 | D:4      | Noticed a black bear
  3052 | D:4      | Killed a black bear
  3053 | D:4      | Reached XP level 6. HP: 35/40 MP: 6/6
  3061 | D:4      | Reached skill level 5 in Armour
  3063 | D:4      | Noticed Blork the orc
  3074 | D:4      | Killed Blork the orc
  3075 | D:4      | Reached skill level 5 in Fighting
  3243 | D:4      | Noticed a steam dragon
  3245 | D:4      | Noticed a black bear
  3259 | D:4      | Killed a black bear
  3264 | D:4      | Reached XP level 7. HP: 24/44 MP: 7/7
  3276 | D:4      | Killed from afar by a steam dragon

Illustrated notes

Levels and vault maps discovered:
D:1:      lightli_arrival_lavapool, layout_loops_cross
D:2:      layout_basic, kennysheep_generic_room_12
D:3:      layout_basic, ebering_ecumenical_altar_hall
D:4:      layout_cave_pods, minmay_diced_spiral, uniq_blork_the_orc

Skill      XL: |  1  2  3  4  5  6 |
---------------+-------------------+-----
Armour         | 4 5 |  5.3
Fighting       | 4 5 |  5.2
Maces & Flails | 3 4 |  4.0
Shields        | 4 |  4.3

Action                   |  1- 3 |  4- 6 |  7- 9 || total
-------------------------+-------+-------+-------++-------
Melee: Flail             |   144 |    29 |       ||   173
       Mace              |       |    45 |     7 ||    52
  Use: Potion            |       |     1 |     2 ||     3
Armor: Scale mail        |    93 |    54 |     6 ||   153
Dodge: Dodged            |    45 |    45 |     8 ||    98
Block: Kite shield       |    73 |    46 |     7 ||   126
